 Dungeon Crawl Stone Soup version 0.22-a0-469-gf26638a (webtiles) character file.

21 galech the Skirmisher (level 2, -1/33 HPs)
             Began as an Ogre Berserker on June 12, 2018.
             Was a Believer of Trog.
             Slain by a leopard gecko (5 damage)
             ... on level 1 of the Dungeon.
             The game lasted 00:00:38 (365 turns).

galech the Skirmisher (Ogre Berserker)               Turns: 365, Time: 00:00:38

Health: -1/33      AC:  3    Str: 20    XL:     2   Next: 87%
Magic:  2/2        EV: 10    Int:  8    God:    Trog [**....]
Gold:   25         SH:  0    Dex:  8    Spells: 1/1 levels left

rFire    . . .     SeeInvis .   a - +0 mace
rCold    . . .     Gourm    .   (no shield)
rNeg     . . .     Faith    .   b - +0 animal skin
rPois    .         Spirit   .   (helmet restricted)
rElec    .         Reflect  .   (no cloak)
rCorr    .         Harm     .   (gloves unavailable)
MR       .....                  (boots unavailable)
Stlth    +.........             (no amulet)
HPRegen  0.11/turn              (no ring)
MPRegen  0.08/turn              (no ring)

@: no status effects
A: large, unfitting armour, tough skin 1
a: Berserk, Trog's Hand, Renounce Religion


You were on level 1 of the Dungeon.
You worshipped Trog.
Trog was pleased with you.
You were not hungry.

You visited 1 branch of the dungeon, and saw 1 of its levels.

You collected 25 gold pieces.

Inventory:

Hand Weapons
 a - a +0 mace (weapon)
Armour
 b - a +0 animal skin (worn)
Scrolls
 e - a scroll of fog {unknown}
 f - a scroll of amnesia {unknown}
 g - a scroll of identify {unknown}
Comestibles
 c - 3 rations
 d - a chunk of flesh


   Skills:
 + Level 4.4 Fighting
 + Level 3.1 Maces & Flails
 + Level 3.0 Dodging


You had one spell level left.
You didn't know any spells.
Your spell library was empty.

Dungeon Overview and Level Annotations

Branches:
Dungeon (1/15)

Altars:


Innate Abilities, Weirdness & Mutations

You are too large for most types of armour.
You have tough skin. (AC +1)


Message History

You completely miss the leopard gecko.
The leopard gecko is severely wounded.
The bat barely misses you.
The leopard gecko completely misses you.
You miss the leopard gecko.
The leopard gecko is severely wounded.
The bat barely misses you. The bat hits you but does no damage.
The leopard gecko barely misses you. The leopard gecko bites you.
* * * LOW HITPOINT WARNING * * *
You closely miss the leopard gecko.
The leopard gecko is severely wounded.
The bat hits you but does no damage. The bat barely misses you.
The leopard gecko barely misses you. The bat hits you but does no damage.
The leopard gecko bites you.
* * * LOW HITPOINT WARNING * * *
You barely miss the leopard gecko.
The leopard gecko is severely wounded.
The bat closely misses you. The bat misses you. The bat closely misses you.
The leopard gecko bites you.
You die...

# ## ....... #.
.. .......
.#.###. .......
..>....##.(.....
.............
.........
...###.l#.#
.......@b.#
...####..#####
##.....# #.....#
#. ##....#.....
## ####'####.#
#.##.##
####.........#
#......
#............#
#......
#............#
#......


You could see a leopard gecko and a bat.

Vanquished Creatures
  5 hobgoblins (D:1)
  6 jackals (D:1)
  2 kobolds (D:1)
  3 bats (D:1)
  A frilled lizard (D:1)
  A rat (D:1)
18 creatures vanquished.

Notes
Turn   | Place    | Note
-------+----------+-------------------------------------------
     0 | D:1      | galech the Ogre Berserker began the quest for the Orb.
     0 | D:1      | Reached XP level 1. HP: 24/24 MP: 1/1
    26 | D:1      | Reached XP level 2. HP: 19/32 MP: 2/2
   267 | D:1      | Reached ** piety under Trog
   365 | D:1      | Slain by a leopard gecko

Vault maps used:
D:1:      shiori_arrival_maze

Skill      XL: |  1  2 |
---------------+-------+-----
Maces & Flails | 3 |  3.1
Dodging        | 3 |  3.0
Fighting       | |  4.4

Action                   || total
-------------------------++-------
Melee: Mace              ||    66
Invok: Berserk           ||     1
Armor: Animal skin       ||    36
Dodge: Dodged            ||    81

Table legend:
 A = Spawn XP
 B = Non-spawn XP
 C = Spawn XP percentage of total XP
 D = Spawn monster count
 E = Non-spawn monster count
 F = Spawn count percentage of total count
 G = Total turns spent on level
                    A         B        C        D         E        F      G
               +---------+---------+-------+---------+---------+-------+---------
         Total |       0 |      31 |   0.0 |       0 |      18 |   0.0 |   365
               +---------+---------+-------+---------+---------+-------+---------
           D:1 |       0 |      31 |   0.0 |       0 |      18 |   0.0 |   365
               +---------+---------+-------+---------+---------+-------+---------
